 Dungeon Crawl Stone Soup version 0.30-a0-292-g0f741e3f8e (webtiles) character file.

Game seed: 1942096722127910227

3355 Birdy the Chopper (level 10, -1/82 HPs)
             Began as a Hill Orc Venom Mage on Oct 18, 2022.
             Slain by a two-headed ogre
             ... wielding a +0 giant spiked club
              (21 damage)
             ... on level 8 of the Dungeon.
             The game lasted 00:29:21 (9155 turns).

Birdy the Chopper (Hill Orc Venom Mage)             Turns: 9155, Time: 00:29:21

Health: -1/82      AC: 12    Str: 12    XL:     10   Next: 3%
Magic:  17/26      EV: 13    Int: 19    God:
Gold:   402        SH:  0    Dex: 11    Spells: 13/19 levels left

rFire   + . .      SeeInvis .    o - +6 war axe "Jomet" {freeze, rPois}
rCold   . . .      Faith    .    (no shield)
rNeg    . . .      Spirit   .    i - +2 robe {rF+}
rPois   +          Reflect  .    u - +2 helmet
rElec   .          Harm     .    (no cloak)
rCorr   .          Rampage  .    N - +0 pair of gloves
Will    .....                    (no boots)
Stlth   ++........               (no amulet)
HPRegen 0.33/turn                F - +4 ring of protection
MPRegen 0.20/turn                k - ring of magical power

@: mighty, brilliant
A: no striking features
a: no special abilities


You were on level 8 of the Dungeon.
You visited 2 branches of the dungeon, and saw 10 of its levels.
You also visited: Sewer and Ossuary.

You collected 402 gold pieces.

Inventory:

Hand Weapons
 o - the +6 war axe "Jomet" (weapon) {freeze, rPois}
   (You found it on level 3 of the Dungeon)

   It freezes those it strikes, dealing additional cold damage.
   It can also slow down cold-blooded creatures.
   rPois:     It protects you from poison.
 q - a +2 dagger of pain
Missiles
 H - a throwing net
Armour
 a - a +0 robe
 d - a +0 helmet
 f - a +2 hat
 i - a +2 robe of fire resistance (worn)
 u - a +2 helmet (worn)
 N - a +0 pair of gloves (worn)
Magical Staves
 M - a staff of death
Jewellery
 k - a ring of magical power (right hand)
 v - a ring of willpower
 F - a +4 ring of protection (left hand)
 J - a ring of ice
 K - a ring of poison resistance
Wands
 C - a wand of flame (25)
 I - a wand of charming (21)
 L - a wand of digging (5)
 O - a wand of roots (10)
Scrolls
 l - 2 scrolls of immolation
 n - 5 scrolls of teleportation
 r - 2 scrolls of fog {unknown}
 s - 3 scrolls of magic mapping {unknown}
 w - 2 scrolls of vulnerability {unknown}
 x - a scroll of blinking
 y - 2 scrolls of noise {unknown}
 A - a scroll of fear {unknown}
 B - 2 scrolls of enchant armour {unknown}
 D - a scroll of enchant weapon {unknown}
 E - a scroll of identify
Potions
 b - 6 potions of magic
 c - a potion of might
 e - 6 potions of haste
 g - 2 potions of heal wounds
 h - a potion of berserk rage
 j - 4 potions of curing
 m - 4 potions of flight
 t - a potion of mutation {unknown}
 z - 2 potions of brilliance
 G - 2 potions of invisibility


   Skills:
 + Level 5.6 Fighting
 - Level 6.2 Axes
 + Level 5.3 Dodging
 + Level 3.2 Stealth
 + Level 1.5 Unarmed Combat
 + Level 5.3 Spellcasting
 * Level 4.1 Translocations
 - Level 1.7 Transmutations
 + Level 2.1 Air Magic
 - Level 3.5 Poison Magic


You had 13 spell levels left.
You knew the following spells:

 Your Spells              Type           Power      Damage    Failure   Level
a - Sting                 Tmut/Pois      88%        1d7       4%          1
b - Poisonous Vapours     Pois/Air       46%        N/A       5%          2
c - Vhi's Electric Charg  Tloc/Air       50%        N/A       10%         3

Your spell library contained the following spells:

 Spells                   Type           Power      Damage    Failure   Level
 Gell's Gravitas          Tloc           30%        N/A       7%          3
 Lesser Beckoning         Tloc           60%        N/A       7%          3
 Teleport Other           Tloc           30%        N/A       7%          3
 Kiss of Death            Conj/Necr      28%        2d7       12%         1
 Static Discharge         Conj/Air       26%        2-4/arc   12%         2
 Portal Projectile        Hex/Tloc       38%        N/A       16%         3
 Mephitic Cloud           Conj/Pois/Air  18%        N/A       17%         3
 Olgreb's Toxic Radiance  Pois           27%        N/A       28%         4
 Confusing Touch          Hex            7%         N/A       36%         3
 Tukima's Dance           Hex            7%         N/A       36%         3
 Petrify                  Tmut/Erth      12%        N/A       63%         4
 Dispel Undead            Necr           7%         3d8       77%         4
 Blade Hands              Tmut           8%         N/A       85%         5
 Arcjolt                  Conj/Air       6%         1d16      91%         5
 Lightning Bolt           Conj/Air       6%         1d18      91%         5
 Metabolic Englaciation   Hex/Ice        3%         N/A       98%         5
 Statue Form              Tmut/Erth      8%         N/A       100%        6


Dungeon Overview and Level Annotations

Branches:
Dungeon (9/15)             Temple (1/1) D:7           Sewer (visited)
Ossuary (visited)
   Lair: D:8-11         Orc: D:9-12

Altars:
Ashenzari
Dithmenos
Elyvilon
Fedhas
Gozag
Hepliaklqana
Kikubaaqudgha
Makhleb
Nemelex Xobeh
Okawaru
Qazlal
Ru
Sif Muna
Uskayaw
Vehumet
Wu Jian
Xom
Yredelemnul
The Shining One

Annotations:
D:8 Gastronok


Message History

Gastronok's eyestalks quiver as he mumbles some strange words.
An orc comes into view. It is wielding a +0 club.
The bat barely misses you. The bat hits you but does no damage.
You feel much better. Gastronok looks at you while chanting.
You barely resist.
The orc shouts!
The bat hits you but does no damage.
An orc comes into view. It is wielding a +0 hand axe.
You start to feel less resistant.
The orc shouts!
The bat closely misses you.
An orc comes into view. It is wielding a +0 mace.
You feel very mighty all of a sudden.
The orc shouts!
The bat hits you but does no damage.
You slash the orc! You freeze the orc.
You kill the orc!
You closely miss the bat. The bat misses you.
You slash the two-headed ogre! You freeze the two-headed ogre.
The two-headed ogre is moderately wounded.
You hit the quokka. You freeze the quokka.
You kill the quokka!
The quokka's corpse disappears in a puff of smoke!
The bat hits you.
The two-headed ogre hits you with a +0 giant spiked club!!
The two-headed ogre hits you with a +0 giant spiked club!
* * * LOW HITPOINT WARNING * * *
The bat hits you but does no damage.
Unknown command.
You slash the two-headed ogre! You freeze the two-headed ogre.
The two-headed ogre is severely wounded.
You hit the bat. You freeze the bat.
You kill the bat!
The bat's corpse disappears in a puff of smoke!
Your resistance to elements expires.
The two-headed ogre misses you.
The two-headed ogre hits you with a +0 giant spiked club!!
You die...

#P_.⌠P' ##....# #_...# ##..##
#.#.#. ##...? #....
#############################....
...............)@r...w..)).......
..........>......O...............
..............o..........w.).....
.....[[.....o..............>.....
.....)(........................).
......[................####...()§
#########'############## #######
#...).........# #.............#


You could see Gastronok (swift, very poisoned), a two-headed ogre, 2 orcs and a
quokka (summoned).

Vanquished Creatures
  A wyvern (D:8)
  A steam dragon (D:6)
  2 water moccasins (D:7)
  An orc warrior (D:8)
  Pargi (Sewer)
  2 sky beasts
  2 black bears
  An ogre (D:6)
  3 centaurs
  3 phantoms
  A kobold brigand (D:7)
  4 scorpions
  6 wights
  A crimson imp (D:6)
  5 centaur zombies (Ossuary)
  A jelly (D:5)
  A gnoll bouda (D:8)
  7 hounds
  2 orc priests
  Natasha (thrice) (D:4)
  4 iguanas
  4 orc wizards
  6 mummies (Ossuary)
  Robin (D:3)
  5 gnolls (D:8)
  10 adders
  2 ufetubi
  3 worms
  A dart slug (D:4)
  13 orcs
  4 bats
  9 endoplasms
  6 giant cockroaches
  14 goblins
  7 hobgoblins
  9 jackals
  10 kobolds
  2 quokkas (D:4)
  2 ball pythons (D:2)
  4 frilled lizards
  6 hobgoblin zombies (Ossuary)
  6 rats
176 creatures vanquished.

Vanquished Creatures (others)
  2 fungi (D:2)
  A plant (D:2)
3 creatures vanquished.

Grand Total: 179 creatures vanquished

Notes
Turn   | Place    | Note
-------+----------+-------------------------------------------
     0 | D:1      | Birdy the Hill Orc Venom Mage began the quest for the Orb.
     0 | D:1      | Reached XP level 1. HP: 14/14 MP: 3/3
   378 | D:1      | Reached XP level 2. HP: 7/20 MP: 1/4
  1150 | D:2      | Reached XP level 3. HP: 21/26 MP: 3/5
  1344 | D:2      | Reached skill level 1 in Unarmed Combat
  1344 | D:2      | Reached skill level 1 in Transmutations
  1544 | D:2      | Reached XP level 4. HP: 34/34 MP: 5/7
  1831 | D:2      | Found a faded altar of an unknown god.
  2114 | D:3      | Identified the +6 war axe "Jomet" {freeze, rPois}
  2378 | D:3      | Reached XP level 5. HP: 39/39 MP: 8/8
  2403 | D:3      | Noticed Robin
  2437 | D:3      | Killed Robin
  2449 | D:3      | Reached skill level 1 in Fighting
  2771 | D:3      | Found a glowing drain.
  2776 | Sewer    | Entered a sewer
  2837 | Sewer    | Noticed Pargi
  2850 | Sewer    | Killed Pargi
  2851 | Sewer    | Reached skill level 2 in Axes
  2851 | Sewer    | Reached XP level 6. HP: 31/47 MP: 7/9
  3276 | D:4      | Found a sand-covered staircase.
  3283 | Ossuary  | Entered an ossuary
  3290 | Ossuary  | Reached skill level 3 in Axes
  3368 | Ossuary  | Reached skill level 4 in Axes
  3380 | Ossuary  | Reached XP level 7. HP: 25/53 MP: 10/10
  3414 | Ossuary  | Reached skill level 5 in Axes
  3766 | D:4      | Learned a level 2 spell: Poisonous Vapours
  4014 | D:4      | Noticed Natasha
  4018 | D:4      | Killed Natasha
  4019 | D:4      | Reached skill level 6 in Axes
  4195 | D:4      | Noticed Natasha
  4207 | D:4      | Killed Natasha
  4212 | D:4      | Learned a level 3 spell: Vhi's Electric Charge
  4229 | D:4      | Noticed Natasha
  4235 | D:4      | Killed Natasha
  4395 | D:5      | Entered Level 5 of the Dungeon
  4548 | D:5      | Reached XP level 8. HP: 62/62 MP: 7/11
  4669 | D:5      | Reached skill level 1 in Air Magic
  4783 | D:5      | Reached skill level 1 in Translocations
  6063 | D:6      | Reached XP level 9. HP: 64/71 MP: 13/15
  6629 | D:6      | Found a burning altar of Makhleb.
  6629 | D:6      | Found a shimmering altar of Xom.
  7003 | D:7      | Found a staircase to the Ecumenical Temple.
  7060 | Temple   | Entered the Ecumenical Temple
  7542 | D:7      | Reached skill level 5 in Dodging
  7645 | D:7      | Reached skill level 5 in Fighting
  7686 | D:7      | Found a basalt altar of Yredelemnul.
  7992 | D:8      | Reached skill level 5 in Spellcasting
  8177 | D:8      | Noticed Gastronok
  8934 | D:8      | Noticed a two-headed ogre
  9046 | D:8      | Reached XP level 10. HP: 53/81 MP: 17/17
  9079 | D:8      | Found a radiant altar of Vehumet.
  9080 | D:8      | Found a hazy altar of Hepliaklqana.
  9081 | D:8      | Found a broken altar of Ashenzari.
  9155 | D:8      | Slain by a two-headed ogre

Illustrated notes

Levels and vault maps discovered:
D:1:      amcnicky_arrival_double_pillar, layout_basic
D:2:      layout_basic, shapermc_ecumenical_altar_acropolis
D:3:      layout_basic, gup_sewer_entry_bowl, solitary_fountain, uniq_robin
D:4:      layout_rooms, nicolae_ossuary_entry_false_entrances, uniq_natasha
D:5:      layout_cave_pods, feat_on_display
D:6:      layout_basic, grunt_temple_overflow_champion_of_chaos, minmay_puff
D:7:      layout_basic, old_standard_altar, minmay_temple_entry_statues_pillars,
          nicolae_figureground_pulse
D:8:      minmay_chambers_of_sixes, layout_gridville,
          gammafunk_temple_overflow_forgotten, uniq_gastronok
D:9:      layout_long_grid, serial_rivers, chequers_serial_rivers_micro_c,
          chequers_serial_rivers_large_a, chequers_serial_rivers_room_a,
          chequers_serial_rivers_micro_c, kennysheep_generic_room_10
Temple:   cyrus_circular_temple

Skill      XL: |  1  2  3  4  5  6  7  8  9 |
---------------+----------------------------+-----
Poison Magic   | 3 |  3.5
Dodging        | 2 3 4 5 |  5.3
Unarmed Combat | 1 |  1.5
Spellcasting   | 2 4 5 |  5.3
Transmutations | 1 |  1.7
Fighting       | 1 2 3 5 |  5.6
Axes           | 2 4 6 |  6.2
Stealth        | 2 3 |  3.2
Air Magic      | 1 2 |  2.1
Translocations | 2 4 |  4.1

Action                   |  1- 3 |  4- 6 |  7- 9 | 10-12 || total
-------------------------+-------+-------+-------+-------++-------
Melee: Unarmed           |    90 |    39 |       |       ||   129
       Punch             |     4 |     3 |     4 |       ||    11
       War axe           |       |   110 |   234 |    10 ||   354
 Cast: Sting             |    36 |    29 |    59 |       ||   124
       Poisonous Vapours |       |       |    31 |    18 ||    49
  Use: Scroll            |     2 |     5 |     5 |     2 ||    14
       Potion            |       |       |     1 |     6 ||     7
 Stab: Sleeping          |       |     1 |     1 |       ||     2
Armor: Robe              |    31 |   115 |    92 |    74 ||   312
       Skin              |       |       |     5 |       ||     5
Dodge: Dodged            |    61 |   172 |   181 |   112 ||   526

Table legend: (Time is in decaauts)
 A = Elapsed time spent in this place.
 B = Non-inter-level travel time spent in this place.
 C = Inter-level travel time spent in this place.
 D = Time resting spent in this place.
 E = Time spent auto-exploring this place.
 F = Levels seen in this place.
 G = Mean time per level.
                   A        B        C        D        E       F      G
               +--------+--------+--------+--------+--------+-----+--------+
         Total |   9304 |   9017 |    287 |   2197 |   4175 |  12 |  775.3 |
       Dungeon |   8750 |   8472 |    278 |   2038 |   4119 |   9 |  972.2 |
        Temple |     89 |     80 |      9 |      0 |     28 |   1 |   89.0 |
         Sewer |    173 |    173 |      0 |     11 |      4 |   1 |  173.0 |
       Ossuary |    290 |    290 |      0 |    148 |     24 |   1 |  290.0 |
               +--------+--------+--------+--------+--------+-----+--------+

Top non-repeatable levels by time:
     D:7: 1361 daAuts
     D:5: 1358 daAuts
     D:6: 1254 daAuts
     D:1: 1128 daAuts
     D:3: 990 daAuts
     D:2: 973 daAuts
     D:4: 911 daAuts
     D:8: 772 daAuts
 Ossuary: 290 daAuts
   Sewer: 173 daAuts
  Temple: 89 daAuts
     D:9: 1 daAuts
